 Dungeon Crawl Stone Soup version 0.29.0-5-ge4962eb29e (webtiles) character file.

Game seed: 7383293123127780672

49 enile the Sneak (level 3, -5/16 HPs)
             Began as a Felid Enchanter on Aug 29, 2022.
             Was a Follower of Wu Jian.
             Slain by a river rat (10 damage)
             ... in a sewer.
             The game lasted 00:05:49 (2505 turns).

enile the Sneak (Felid Enchanter)                   Turns: 2505, Time: 00:05:49

Health: -5/16      AC:  1    Str:  4    XL:     3   Next: 53%
Magic:  1/7        EV: 17    Int: 18    God:    Wu Jian [*.....]
Gold:   95         SH:  5    Dex: 16    Spells: 0/6 levels left
                                        Lives:  0   Deaths: 1

rFire   . . .      SeeInvis +     - Unarmed
rCold   . . .      Faith    .   (shield unavailable)
rNeg    . . .      Spirit   .   (body armour unavailable)
rPois   .          Reflect  +   (helmet unavailable)
rElec   .          Harm     .   (cloak unavailable)
rCorr   .          Rampage  .   (gloves unavailable)
Will    .....                   (boots unavailable)
Stlth   +++.......              d - amulet of reflection
HPRegen 0.05/turn               (no ring)
MPRegen 0.10/turn               (no ring)

@: mighty, quick
A: very small, claws 1, fangs 3, see invisible, speed 1, shaggy fur 1, stealthy
paws, no weapons or thrown items, no armour, multi-lived
a: Renounce Religion


You were in a sewer.
You worshipped Wu Jian.
Wu Jian was aware of your devotion.
You visited 1 branch of the dungeon, and saw 3 of its levels.
You also visited: Sewer.

You collected 95 gold pieces.

Inventory:

Jewellery
 d - an amulet of reflection (around neck)
Scrolls
 b - a scroll of noise
 c - a scroll of fog
 f - a scroll of enchant armour
 j - 2 scrolls of poison
Potions
 a - 3 potions of invisibility
 g - 3 potions of curing
 i - a potion of haste {unknown}
 k - a potion of mutation {unknown}
 m - a potion of heal wounds {unknown}


   Skills:
 - Level 2.0 Fighting
 - Level 2.8 Dodging
 - Level 5.0 Stealth
 + Level 2.9 Unarmed Combat
 - Level 2.0 Spellcasting
 - Level 4.5 Hexes


You couldn't memorise any spells.
You knew the following spells:

 Your Spells              Type           Power      Damage    Failure   Level
a - Ensorcelled Hibernat  Hex/Ice        20%        N/A       11%         2
b - Confusing Touch       Hex            18%        N/A       9%          3
c - Summon Small Mammal   Summ           4%         N/A       19%         1

Your spell library contained the following spells:

 Spells                   Type           Power      Damage    Failure   Level
 Tukima's Dance           Hex            18%        N/A       9%          3
 Apportation              Tloc           2%         N/A       19%         1
 Dazzling Flash           Conj/Hex       20%        N/A       22%         3
 Summon Guardian Golem    Hex/Summ       10%        N/A       22%         3
 Call Canine Familiar     Summ           1%         N/A       47%         3
 Alistair's Intoxication  Tmut/Pois      0%         N/A       99%         5


Dungeon Overview and Level Annotations

Branches:
Dungeon (3/15)              Sewer (1/1)

Altars:
Wu Jian


Innate Abilities, Weirdness & Mutations

You have sharp claws.
You have razor-sharp teeth.
You have supernaturally acute eyesight. (SInv)
You cover ground quickly. (Speed+)
You are covered in fur. (AC +1)
Your paws help you pounce on unaware monsters.
You are incapable of wielding weapons or throwing items.
You cannot wear armour.
You gain extra lives every three experience levels.


Message History

Aim: a river rat (heavily wounded, ally target, chance to affect: 52%)
The river rat resists with significant effort.
The river rat misses you.
Casting: Ensorcelled Hibernation (safe; 11% risk of failure)
Confirm with . or Enter, or press ? or * to list all spells.
Aiming: Ensorcelled Hibernation (safe; 11% risk of failure)
Press: ? - help, Shift-Dir - straight line, f/p - river rat
Aim: a river rat (heavily wounded, ally target, chance to affect: 52%)
The river rat resists with significant effort.
The river rat barely misses you.
Casting: Ensorcelled Hibernation (safe; 11% risk of failure)
Confirm with . or Enter, or press ? or * to list all spells.
Aiming: Ensorcelled Hibernation (safe; 11% risk of failure)
Press: ? - help, Shift-Dir - straight line, f/p - river rat
Aim: a river rat (heavily wounded, ally target, chance to affect: 52%)
The river rat resists with significant effort.
The river rat bites you!
Ouch! That really hurt!
You swap places.
You enter the shallow water.
Moving in this stuff is going to be slow.
The river rat bites your rat!
Your rat dies!
Your rat's corpse disappears in a puff of smoke!
The river rat attacks as you move away! The river rat completely misses you.
There is a gate leading back out of this place here.
Casting: Ensorcelled Hibernation (safe; 11% risk of failure)
Confirm with . or Enter, or press ? or * to list all spells.
You don't have enough magic to cast this spell.
Okay, then.
You aren't carrying any items that you can evoke.
You feel very mighty all of a sudden. The river rat barely misses you.
You scratch the river rat.
The river rat is almost dead.
The river rat barely misses you.
You scratch the river rat.
The river rat is almost dead.
The river rat bites you!
Ouch! That really hurt!
You die...

###~.~###
#~~.~†..#
##..†~~..##
#~~~###...#
##.~##~##†.##
#~.~#~~~#~..#
#~.##!~~##..#
#..#).~~.#..#
#∩r#@r~~~'~~#
#.~#..~~~#..#
#~r##..~##~.#
#~~.#..~#~..#
##~.##~##.~##
#.~.###~~~#
##..rr~~~##
#~~r~...#
###..~###


You could see a river rat.

Vanquished Creatures
  3 gnolls (D:3)
  2 river rats (Sewer)
  A worm (D:2)
  2 dart slugs
  An orc (D:3)
  2 ball pythons
  3 endoplasms
  A giant cockroach (D:2)
  2 goblins (D:1)
  5 hobgoblins
  2 quokkas
  5 bats
  3 frilled lizards (D:2)
  7 kobolds
  5 rats
44 creatures vanquished.

Notes
Turn   | Place    | Note
-------+----------+-------------------------------------------
     0 | D:1      | enile the Felid Enchanter began the quest for the Orb.
     0 | D:1      | Reached XP level 1. HP: 7/7 MP: 4/4
   137 | D:1      | Reached XP level 2. HP: 9/12 MP: 6/6
   140 | D:1      | Learned a level 2 spell: Ensorcelled Hibernation
   191 | D:1      | Reached skill level 1 in Fighting
   518 | D:1      | Found a faded altar of an unknown god.
   753 | D:1      | Prayed at the altar of an unknown god.
   753 | D:1      | Became a worshipper of the Wu Jian Council
   753 | D:1      | Reached * piety under Wu Jian
   902 | D:2      | Reached XP level 3. HP: 11/16 MP: 7/7
  1814 | D:2      | Reached skill level 5 in Stealth
  1904 | D:3      | Reached XP level 4. HP: 19/19 MP: 8/8
  1931 | D:3      | Reached ** piety under Wu Jian
  1939 | D:3      | Found a glowing drain.
  1943 | Sewer    | Entered a sewer
  1952 | Sewer    | Learned a level 3 spell: Confusing Touch
  2058 | Sewer    | Slain by a river rat
  2059 | Sewer    | Reached XP level 3. HP: -1/16 MP: 3/7
  2417 | Sewer    | Learned a level 1 spell: Summon Small Mammal
  2505 | Sewer    | Slain by a river rat

Illustrated notes

Levels and vault maps discovered:
D:1:      roderic_chinese_lattice_arrival, layout_rooms,
          ebering_ecumenical_altar_webs, chequers_serial_rivers_micro_b
D:2:      layout_loops_corners, kennysheep_pointless_box
D:3:      layout_basic, gup_sewer_entry_bowl, hangedman_decor_growths,
          uniq_jessica
Sewer:    sewer_hellmonk_bad_rat

Skill      XL: |  1  2  3 |
---------------+----------+-----
Fighting       | 2 |  2.0
Stealth        | 5 |  5.0
Unarmed Combat | 2 |  2.9
Dodging        | |  2.8
Spellcasting   | |  2.0
Hexes          | |  4.5

Action                   |  1- 3 |  4- 6 || total
-------------------------+-------+-------++-------
Melee: Unarmed           |    99 |    26 ||   125
       Bite              |     9 |       ||     9
       Punch             |     1 |       ||     1
 Cast: Ensorcelled Hiber |    18 |     3 ||    21
       Summon Small Mamm |     2 |       ||     2
Invok: Lunge             |     7 |     3 ||    10
       Whirlwind         |    10 |     5 ||    15
 Abil: Wall Jump         |     1 |       ||     1
  Use: Scroll            |     7 |     3 ||    10
       Potion            |     3 |       ||     3
 Stab: Sleeping          |    24 |     4 ||    28
Armor: Skin              |     5 |       ||     5
Dodge: Dodged            |    50 |    20 ||    70
Block: Other             |    22 |     4 ||    26
       Reflection        |     1 |       ||     1
